 Dungeon Crawl Stone Soup version 0.21.1-1-g345015fe64 (webtiles) character file.

17390 P0ring the Whirler (level 12, -4/135 HPs)
             Began as a Halfling Hunter on Apr 15, 2018.
             Was a High Priest of Okawaru.
             Slain by a manticore (13 damage)
             ... on level 2 of the Lair of Beasts.
             The game lasted 01:03:29 (15761 turns).

P0ring the Whirler (Halfling Hunter)               Turns: 15761, Time: 01:03:29

Health: -4/135     AC: 29    Str: 22    XL:     12   Next: 82%
Magic:  12/12      EV:  3    Int:  9    God:    Okawaru [*****.]
Gold:   713        SH:  0    Dex: 16    Spells: 11/11 levels left

rFire    + . .     SeeInvis .   a - +2 hunting sling
rCold    x . .     Gourm    .   (shield restricted)
rNeg     + + +     Faith    .   (armour currently unavailable)
rPois    +         Spirit   .   (helmet currently unavailable)
rElec    .         Reflect  .   (cloak currently unavailable)
rCorr    .         Harm     .   (gloves currently unavailable)
MR       .....     NoTele   +   (boots currently unavailable)
Stlth    ++........             (no amulet)
HPRegen  0.32/turn              j - ring of fire
MPRegen  0.13/turn              x - +3 ring of protection

@: mighty, tree-form, barbed spikes, very slightly contaminated
A: small, mutation resistance 1
a: Heroism, Finesse, Renounce Religion


You were on level 2 of the Lair of Beasts.
You worshipped Okawaru.
Okawaru was extremely pleased with you.
You were not hungry.
You were a tree.
You visited 3 branches of the dungeon, and saw 14 of its levels.

You collected 778 gold pieces.
You spent 65 gold pieces at shops.

Inventory:

Hand Weapons
 a - a +2 hunting sling (weapon)
 b - a +0 short sword
 k - a +0 hunting sling
 A - a +0 hunting sling
Missiles
 e - 199 stones (quivered)
Armour
 c - a +1 leather armour
 K - a +3 plate armour
 N - a +2 ring mail of poison resistance (melded)
 T - a +0 leather armour of fire resistance
Jewellery
 j - a ring of fire (left branch)
 q - a cursed ring of loudness
 w - a -3 ring of evasion
 x - a +3 ring of protection (right branch)
 D - an uncursed ring of resist corrosion
 F - an uncursed ring of protection from fire
 J - a cursed ring of teleportation
 L - a cursed amulet of inaccuracy
 Y - an uncursed ring of see invisible
Wands
 h - a wand of digging (20)
 y - a wand of polymorph (40)
 P - a wand of acid (6)
 S - a wand of random effects (22)
Scrolls
 d - a scroll of holy word {unknown}
 g - 3 scrolls of teleportation
 p - 3 scrolls of remove curse
 r - 2 scrolls of fog
 t - 2 scrolls of noise
 G - a scroll of enchant weapon
 M - a scroll of summoning {unknown}
 U - a scroll of brand weapon {unknown}
 V - a scroll of fear
 W - a scroll of vulnerability {unknown}
Potions
 i - a potion of might
 l - 2 potions of haste
 m - 2 potions of agility
 n - 3 potions of brilliance
 s - a potion of flight {unknown}
 u - 2 potions of degeneration
 E - a potion of invisibility
 Q - a potion of resistance {unknown}
Books
 v - a book of Cantrips

   Spells                             Type                      Level
   a - Confusing Touch                Hexes                        1
   b - Animate Skeleton               Necromancy                   1
   c - Summon Small Mammal            Summoning                    1
   d - Apportation                    Translocation                1
 z - a book of Cantrips

   Spells                             Type                      Level
   a - Confusing Touch                Hexes                        1
   b - Animate Skeleton               Necromancy                   1
   c - Summon Small Mammal            Summoning                    1
   d - Apportation                    Translocation                1
 B - a book of Minor Magic

   Spells                             Type                      Level
   a - Magic Dart                     Conjuration                  1
   b - Blink                          Translocation                2
   c - Call Imp                       Summoning                    2
   d - Slow                           Hexes                        2
   e - Conjure Flame                  Conjuration/Fire             3
   f - Mephitic Cloud                 Conjuration/Poison/Air       3
 I - a book of the Sky

   Spells                             Type                      Level
   a - Summon Lightning Spire         Summoning/Air                4
   b - Silence                        Hexes/Air                    5
   c - Deflect Missiles               Charms/Air                   6
   d - Conjure Ball Lightning         Conjuration/Air              6
   e - Tornado                        Air                          9
Comestibles
 f - 10 rations


   Skills:
 + Level 11.2 Fighting
 + Level 18.0 Slings
 + Level 6.4 Armour
 + Level 7.4 Dodging
 + Level 3.3 Stealth


You had 11 spell levels left.
You didn't know any spells.

Dungeon Overview and Level Annotations

Branches:
Dungeon (11/15)            Temple (1/1) D:5            Lair (2/6) D:9
    Orc (0/2) D:10
  Swamp: Lair:2-4    Shoals: Lair:2-4     Snake: Lair:2-4    Spider: Lair:2-4

Altars:
Ashenzari
Cheibriados
Dithmenos
Elyvilon
Fedhas
Gozag
Hepliaklqana
Kikubaaqudgha
Makhleb
Nemelex Xobeh
Okawaru
Qazlal
Ru
Sif Muna
Trog
Uskayaw
Vehumet
Wu Jian
Xom
Yredelemnul
Zin
The Shining One

Shops:
D:5 %   D:9 *

Portals:
Trove: D:11 (show abyssal rune of Zot)


Innate Abilities, Weirdness & Mutations

You are small and have problems with some larger weapons.
You are somewhat resistant to further mutation.


Message History

The stone hits the manticore but does no damage.
Firing (i - inventory):
e - 201 stones (quivered)
Press: ? - help, Shift-Dir - straight line, f/p - manticore
Aim: a manticore You shoot a stone.
The stone barely misses the manticore.
Firing (i - inventory):
e - 200 stones (quivered)
Press: ? - help, Shift-Dir - straight line, f/p - manticore
Aim: a manticore You shoot a stone.
The stone hits the manticore!
The manticore is moderately wounded.
It was a potion of might.
You feel very mighty all of a sudden.
It was a potion of lignification.
You turn into a tree.
Your +2 ring mail of poison resistance melds into your body.
Your roots penetrate the ground.
The manticore bites you!
* * * LOW HITPOINT WARNING * * *
The manticore claws you but does no damage. x2
It was a potion of magic.
Magic courses through your body. The manticore bites you!
You die...

..P..........### ###
.........((....##..#
..................##
#.
.........((.......##P.
........<(...........
......<..(..........
..........(.........
?..........H........
...........♣..>.....
..........[.........
............<.......
....................
..............#.##..
............##### ##
............#
.........####
......####


You could see a manticore.

Vanquished Creatures
  Harold (Lair:1)
  A two-headed ogre (D:9)
  Nergalle (Lair:1)
  A cyclops (D:11)
  A black mamba (Lair:1)
  A gargoyle (D:11)
  3 centaur skeletons
  6 spiny frogs (Lair:1)
  4 komodo dragons
  A polar bear (Lair:1)
  A queen bee (Lair:2)
  Grinder (D:5)
  3 hippogriffs
  8 yaks
  A wraith (D:10)
  3 wyverns
  Eustachio (D:5)
  2 basilisks
  Grum (Lair:1)
  6 water moccasins
  5 porcupines (Lair:1)
  4 ice beasts
  7 orc warriors
  A sky beast (D:10)
  A black bear (D:8)
  5 ogres
  An eye of draining (D:10)
  2 phantoms
  5 wolves
  4 centaurs
  5 crocodiles
  A big kobold (D:11)
  A wyvern zombie (D:9)
  8 bullfrogs
  7 scorpions
  19 killer bees
  3 wights
  4 howler monkeys
  3 electric eels (D:9)
  A centaur zombie (D:7)
  2 bullfrog zombies
  3 crimson imps
  2 quasits
  4 hounds
  6 orc priests
  3 bullfrog skeletons
  6 iguanas
  11 orc wizards
  A hell rat (Lair:2)
  6 worker ants
  A hound zombie (D:11)
  A worker ant zombie (D:7)
  8 gnolls
  16 adders
  2 shadow imps
  An adder skeleton (D:7)
  4 worms (D:2)
  4 dart slugs
  8 leopard geckos
  53 orcs
  2 giant cockroaches
  7 goblins
  5 hobgoblins
  19 jackals
  A ball python (D:1)
  8 bats
  5 frilled lizards
  A jackal skeleton (D:6)
  10 kobolds
  A leopard gecko zombie (D:7)
  A quokka skeleton (D:5)
  6 rats
  A fungus (Lair:1)
343 creatures vanquished.

Vanquished Creatures (others)
  3 fungi
  3 plants (Lair:1)
6 creatures vanquished.

Grand Total: 349 creatures vanquished

Notes
Turn   | Place    | Note
-------+----------+-------------------------------------------
     0 | D:1      | P0ring the Halfling Hunter began the quest for the Orb.
     0 | D:1      | Reached XP level 1. HP: 14/14 MP: 1/1
    38 | D:1      | Reached skill level 6 in Slings
   139 | D:1      | Reached XP level 2. HP: 19/19 MP: 2/2
   297 | D:1      | Reached XP level 3. HP: 22/24 MP: 3/3
   487 | D:1      | Reached skill level 7 in Slings
   680 | D:2      | Reached XP level 4. HP: 29/29 MP: 4/4
   918 | D:2      | Reached skill level 8 in Slings
   922 | D:2      | Reached XP level 5. HP: 29/34 MP: 5/5
  1384 | D:2      | Found a faded altar of an unknown god.
  1813 | D:3      | Found a hide-covered altar of Uskayaw.
  2443 | D:4      | Reached skill level 1 in Armour
  2497 | D:4      | Reached XP level 6. HP: 41/41 MP: 6/6
  2558 | D:4      | Reached skill level 9 in Slings
  2672 | D:4      | Noticed an ogre
  2681 | D:4      | Killed an ogre
  2718 | D:4      | Reached XP level 7. HP: 46/46 MP: 7/7
  2901 | D:4      | Reached skill level 10 in Slings
  2962 | D:4      | Found a shimmering altar of Xom.
  3523 | D:5      | Entered Level 5 of the Dungeon
  3609 | D:5      | Reached skill level 11 in Slings
  3609 | D:5      | Reached XP level 8. HP: 54/54 MP: 8/8
  3708 | D:5      | Found a shattered altar of Ashenzari.
  3708 | D:5      | Found a white marble altar of Elyvilon.
  3846 | D:5      | Found Peizaehane's Food Shop.
  3966 | D:5      | Noticed Eustachio
  3978 | D:5      | Killed Eustachio
  4071 | D:5      | Found a staircase to the Ecumenical Temple.
  4100 | D:5      | Noticed Grinder
  4120 | D:5      | Killed Grinder
  4120 | D:5      | Reached skill level 12 in Slings
  4473 | D:6      | Reached skill level 5 in Fighting
  4473 | D:6      | Reached XP level 9. HP: 58/61 MP: 9/9
  4514 | D:6      | Reached skill level 13 in Slings
  4629 | D:6      | HP: 2/61 [orc warrior/halberd (19)]
  5869 | D:7      | Reached skill level 14 in Slings
  6061 | Temple   | Entered the Ecumenical Temple
  6165 | Temple   | Became a worshipper of Warmaster Okawaru
  6310 | D:8      | Noticed a hippogriff
  6438 | D:7      | Killed a hippogriff
  6438 | D:7      | Reached XP level 10. HP: 27/69 MP: 10/10
  6662 | D:8      | Reached * piety under Okawaru
  7952 | D:8      | Found an opulent altar of Gozag.
  7960 | D:8      | Reached skill level 15 in Slings
  9054 | D:9      | Found Tiyf's General Store.
  9057 | D:9      | Bought a scroll of identify for 26 gold pieces
  9057 | D:9      | Bought a potion of curing for 39 gold pieces
  9067 | D:9      | Found a staircase to the Lair.
  9135 | D:9      | Found a shadowy altar of Dithmenos.
  9136 | D:9      | Found a sacrificial altar of Ru.
  9179 | D:9      | Reached ** piety under Okawaru
  9209 | D:9      | Reached skill level 5 in Dodging
  9657 | D:10     | Entered Level 10 of the Dungeon
  9932 | D:10     | Noticed a two-headed ogre
 10032 | D:9      | You fall through a shaft for 2 floors!
 10061 | D:11     | Noticed a cyclops
 10072 | D:11     | Killed a cyclops
 10358 | D:11     | Noticed a komodo dragon
 10385 | D:11     | Killed a komodo dragon
 10385 | D:11     | Reached XP level 11. HP: 59/78 MP: 11/11
 10830 | D:11     | Found a portal to a secret trove of treasure.
 10919 | D:11     | Reached *** piety under Okawaru
 10919 | D:11     | Reached skill level 16 in Slings
 11673 | D:10     | Found a staircase to the Orcish Mines.
 12192 | D:9      | Killed a two-headed ogre
 12192 | D:9      | Reached **** piety under Okawaru
 12365 | Lair:1   | Entered Level 1 of the Lair of Beasts
 12365 | Lair:1   | Noticed Harold
 12749 | Lair:1   | Killed Harold
 12776 | Lair:1   | Received a gift from Okawaru
 12819 | Lair:1   | Reached skill level 10 in Fighting
 13094 | Lair:1   | Received a gift from Okawaru
 13430 | Lair:1   | Reached skill level 17 in Slings
 13461 | Lair:1   | Received a gift from Okawaru
 13578 | Lair:1   | Reached XP level 12. HP: 87/87 MP: 12/12
 13652 | Lair:1   | Noticed Grum
 14025 | Lair:1   | Killed Grum
 14190 | Lair:1   | Noticed Nergalle
 14221 | Lair:1   | Killed Nergalle
 14221 | Lair:1   | Received a gift from Okawaru
 14221 | Lair:1   | Reached skill level 5 in Armour
 14341 | Lair:1   | Received a gift from Okawaru
 15519 | Lair:2   | Reached skill level 18 in Slings
 15538 | Lair:2   | Reached ***** piety under Okawaru
 15761 | Lair:2   | Slain by a manticore

Skill      XL: |  1  2  3  4  5  6  7  8  9 10 11 12 |
---------------+-------------------------------------+-----
Slings         | 6 7 8 9 11 12 14 15 17 18 | 18.0
Fighting       | 2 3 4 5 6 8 10 11 | 11.2
Armour         | 1 2 3 4 6 |  6.4
Dodging        | 3 5 6 7 |  7.4
Stealth        | 2 3 |  3.3

Action                   |  1- 3 |  4- 6 |  7- 9 | 10-12 || total
-------------------------+-------+-------+-------+-------++-------
Melee: Hunting sling     |       |       |       |     1 ||     1
 Fire: Hunting sling     |    79 |   177 |   366 |  1193 ||  1815
  Use: Scroll            |       |     6 |     5 |    14 ||    25
       Potion            |       |       |     7 |     8 ||    15
  Eat: Chunk             |       |     1 |     7 |    11 ||    19
       Ration            |       |     1 |     2 |     4 ||     7
Armor: Leather armour    |     4 |     8 |    22 |    37 ||    71
       Ring mail         |       |       |       |    55 ||    55
       Skin              |       |       |       |     2 ||     2
Dodge: Dodged            |    31 |    24 |    75 |   420 ||   550
